 Dungeon Crawl Stone Soup version 0.27-a0-1548-gf8a67e7463 (webtiles) character file.

Game seed: 16278263172346678501

130 PentaManta the Ruffian (level 5, -5/45 HPs)
             Began as a Ghoul Abyssal Knight on July 14, 2021.
             Was a Follower of Lugonu.
             Slain by Sigmund (13 damage)
             ... on level 3 of the Dungeon.
             The game lasted 00:03:27 (2674 turns).

PentaManta the Ruffian (Ghoul Abyssal Knight)       Turns: 2674, Time: 00:03:28

Health: -5/45      AC:  5    Str: 17    XL:     5   Next: 14%
Magic:  5/5        EV: 10    Int:  7    God:    Lugonu [*.....]
Gold:   91         SH:  0    Dex:  8    Spells: 4/4 levels left

rFire    . . .     SeeInvis .     - Unarmed
rCold    + . .     Faith    .   (no shield)
rNeg     + + +     Spirit   .   g - +0 ring mail
rPois    ∞         Reflect  .   (no helmet)
rElec    .         Harm     .   (no cloak)
rCorr    .         Rampage  .   (no gloves)
Will     .....                  (no boots)
Stlth    ..........             (no amulet)
HPRegen  0.00/turn              h - ring of flight
MPRegen  0.09/turn              (no ring)

@: flying
A: claws 1, cold resistance 1, negative energy resistance 3, inhibited
regeneration, torment resistance 2
a: Renounce Religion, Depart the Abyss


You were on level 3 of the Dungeon.
You worshipped Lugonu.
Lugonu was aware of your devotion.
You visited 1 branch of the dungeon, and saw 3 of its levels.
You visited the Abyss 1 time.

You collected 91 gold pieces.

Inventory:

Hand Weapons
 j - a +4 hunting sling
Missiles
 k - 57 stones (quivered)
Armour
 f - a +0 chain mail
 g - a +0 ring mail (worn)
Jewellery
 h - a ring of flight (left claw)
Scrolls
 d - a scroll of teleportation {unknown}
 l - a scroll of enchant weapon {unknown}
Potions
 a - a potion of heal wounds {unknown}
 b - a potion of berserk rage {unknown}
 c - 5 potions of brilliance {unknown}
 e - a potion of flight {unknown}
 i - a potion of curing {unknown}


   Skills:
 - Level 3.2 Fighting
 - Level 1.7 Armour
 - Level 0.8 Dodging
 + Level 5.7 Unarmed Combat
 - Level 2.0 Invocations


You had 4 spell levels left.
You didn't know any spells.
Your spell library was empty.

Dungeon Overview and Level Annotations

Branches:
Dungeon (3/15)

Altars:

Annotations:
D:3 Sigmund


Innate Abilities, Weirdness & Mutations

You thrive by killing the living.
You are immune to poison.
You have sharp fingernails.
Your flesh is cold resistant. (rC+)
You are immune to negative energy. (rN+++)
You do not regenerate when monsters are visible.
You are immune to unholy pain and torment.


Message History

Sigmund is lightly wounded.
Sigmund hits you with a +0 scythe. The gnoll closely misses you.
You scratch Sigmund but do no damage.
Sigmund is lightly wounded.
Sigmund hits you with a +0 scythe.
You closely miss Sigmund.
Sigmund is lightly wounded.
The gnoll hits you from afar with a +0 spear.
Sigmund barely misses you.
You scratch Sigmund but do no damage.
Sigmund is lightly wounded.
The gnoll closely misses you. Sigmund casts a spell at you.
You resist with some effort.
You claw Sigmund!
Sigmund is moderately wounded.
The gnoll hits you from afar with a +0 spear.
Sigmund says, "Look into my eyes."
Sigmund hits you but does no damage.
You are too injured to fight recklessly!
You are too injured to fight recklessly!
You are too injured to fight recklessly!
You are too injured to fight recklessly!
You are too injured to fight recklessly!
You are too injured to fight recklessly!
You are too injured to fight recklessly!
You are too injured to fight recklessly!
You are too injured to fight recklessly!
You claw Sigmund!
Sigmund is severely wounded.
The gnoll closely misses you. Sigmund hits you with a +0 scythe!
* * * LOW HITPOINT WARNING * * *
Okay, then.
You scratch Sigmund.
Sigmund is almost dead.
The gnoll hits you from afar with a +0 spear.
* * * LOW HITPOINT WARNING * * *
Sigmund screams, "I am the angel of ZOT!!!"
Sigmund hits you with a +0 scythe!
You die...

#.# #..# #.# ##.#
#.####.### #.........
#######.## #..# ### ##.#
.....#################..
.....g@@†...............
.....B#################.
..... #.....# ....
#.###.# ... #.#...# ..
#.#.#.. . #.#^#.#
#.#.... #.#...#


You could see Sigmund, a gnoll and a giant cockroach.

Vanquished Creatures
  Natasha (thrice) (D:2)
  An adder (D:3)
  A dart slug (D:2)
  A ball python (D:3)
  4 bats
  5 endoplasms
  3 giant cockroaches (D:1)
  4 goblins
  2 hobgoblins
  8 jackals
  2 kobolds (D:2)
  A quokka (D:3)
  A frilled lizard (D:2)
  5 rats
41 creatures vanquished.

Vanquished Creatures (others)
  4 fungi (D:3)
  6 plants (D:3)
10 creatures vanquished.

Grand Total: 51 creatures vanquished

Notes
Turn   | Place    | Note
-------+----------+-------------------------------------------
     0 | Abyss:1  | PentaManta the Ghoul Abyssal Knight began the quest for the
                  | Orb.
     0 | Abyss:1  | Reached XP level 1. HP: 19/19 MP: 1/1
   102 | Abyss:1  | Noticed a ynoxinul
   103 | D:1      | Escaped the Abyss
   232 | D:1      | Reached * piety under Lugonu
   267 | D:1      | Reached skill level 3 in Unarmed Combat
   267 | D:1      | Reached XP level 2. HP: 26/26 MP: 2/2
  1270 | D:2      | Reached XP level 3. HP: 30/31 MP: 3/3
  1332 | D:2      | Noticed Natasha
  1339 | D:2      | Killed Natasha
  1340 | D:2      | Reached skill level 4 in Unarmed Combat
  1380 | D:2      | Noticed Natasha
  1391 | D:2      | Killed Natasha
  1392 | D:2      | Reached skill level 5 in Unarmed Combat
  1392 | D:2      | Reached XP level 4. HP: 30/38 MP: 4/4
  1576 | D:2      | Noticed Natasha
  1590 | D:2      | Killed Natasha
  2393 | D:3      | Reached XP level 5. HP: 45/45 MP: 5/5
  2660 | D:3      | Noticed Sigmund
  2674 | D:3      | Slain by Sigmund

Illustrated notes

Levels and vault maps discovered:
D:1:      erik_arrival_triangle_medium, layout_loops_ring
D:2:      layout_loops_ring, uniq_natasha
D:3:      layout_basic, shapermc_ecumenical_altar_mp_urbaneastern, uniq_terence,
          uniq_ijyb, uniq_sigmund

Skill      XL: |  1  2  3 |
---------------+----------+-----
Unarmed Combat | 3 5 |  5.7
Fighting       | |  3.2
Armour         | |  1.7
Dodging        | |  0.8
Invocations    | |  2.0

Action                   |  1- 3 |  4- 6 || total
-------------------------+-------+-------++-------
Melee: Unarmed           |    82 |    53 ||   135
       Punch             |     1 |       ||     1
Invok: Depart the Abyss  |     1 |       ||     1
Armor: Leather armour    |     6 |       ||     6
       Ring mail         |    17 |    17 ||    34
Dodge: Dodged            |    40 |    33 ||    73

Table legend: (Time is in decaauts)
 A = Elapsed time spent in this place.
 B = Non-inter-level travel time spent in this place.
 C = Inter-level travel time spent in this place.
 D = Time resting spent in this place.
 E = Time spent auto-exploring this place.
 F = Levels seen in this place.
 G = Mean time per level.
                   A        B        C        D        E       F      G
               +--------+--------+--------+--------+--------+-----+--------+
         Total |   2667 |   2466 |    201 |    329 |   1800 |   4 |  666.8 |
       Dungeon |   2564 |   2363 |    201 |    329 |   1746 |   3 |  854.7 |
         Abyss |    103 |    103 |      0 |      0 |     54 |   1 |  103.0 |
               +--------+--------+--------+--------+--------+-----+--------+

Top non-repeatable levels by time:
     D:1: 1144 daAuts
     D:2: 1106 daAuts
     D:3: 314 daAuts
 Abyss:1: 103 daAuts
